AoeStats
← flynorc

Nomad

507055517Analyzed
2v2 RM · 16d ago on Sep 16, 2026· 36m 12s· 4 players
Game mode
Random Map
Map size
176×176
Population
200
Speed
Normal
Resources
Standard
Victory
Conquest
Starting age
Dark Age
Ending age
Imperial Age
RankedLock teamsTeams togetherTeam positionsShared explorationLock speedFull tech treeHidden civsTurbo modeCheats
Victory
Defeat
🇨🇴 Koreans · Colombia
1448
+19
🇦🇹 Italians · Austria
1426
+20
🇹🇼 Saracens · Taiwan
1584
-22
🇹🇼 Bohemians · Taiwan
1454
-17
SrAnderson
4:18 Loom
15:05 Feudal Age
19:12 Castle Age
18:41 Stone Mining
18:34 Horse Collar
20:34 Wheelbarrow
21:36 Hand Cart
21:08 Double-Bit Axe
24:36 Fletching
25:04 Bow Saw
25:01 Heavy Plow
27:28 Gold Mining
28:18 Town Watch
29:37 Gold Shaft Mining
29:21 Town Patrol
32:14 Coinage
32:45 Stone Shaft Mining
36:23 Bodkin Arrow
flynorc
6:29 Loom
12:55 Feudal Age
16:42 Castle Age
14:32 Double-Bit Axe
15:31 Fletching
18:31 Bodkin Arrow
23:02 Fishing Lines
23:34 Bow Saw
24:38 Medium Warships
26:22 Ballistics
26:13 Clinker Construction
30:07 Imperial Age
27:40 Gillnets
31:27 Heavy Warships
31:03 Bracer
31:16 Careening
33:51 Chemistry
33:09 Masonry
35:24 Padded Archer Armor
34:58 Elite Cannon Galleon
高德納
3:21 Loom
15:31 Feudal Age
19:22 Castle Age
17:16 Fishing Lines
17:54 Fletching
18:28 Double-Bit Axe
20:23 Bow Saw
30:02 Imperial Age
好警察
4:56 Loom
13:37 Feudal Age
14:11 Double-Bit Axe
16:38 Fishing Lines
20:24 Castle Age
21:02 Wheelbarrow
20:18 Gold Mining
21:32 Medium Warships
23:33 Wheelbarrow
24:44 Bow Saw
24:29 Gillnets
29:05 Imperial Age
27:52 Scale Barding Armor
29:29 Fletching
29:23 Demolition Ship
33:33 Heavy Warships
Connection lost

Rejoining the realm…

Still unreachable

The connection could not be restored.

Session expired

The server has moved on; the page needs a fresh start.